 Dungeon Crawl Stone Soup version 0.28-a0-1143-gcf6077d4cc (webtiles) character file.

Game seed: 12033900510243717539

839 spaghetti the Sneak (level 7, -1/58 HPs)
             Began as a Mummy Delver on Dec 14, 2021.
             Was an Initiate of Yredelemnul.
             Slain by a wyvern zombie (13 damage)
             ... on level 5 of the Dungeon.
             The game lasted 00:07:11 (5276 turns).

spaghetti the Sneak (Mummy Delver)                  Turns: 5276, Time: 00:07:11

Health: -1/58      AC:  4    Str: 23    XL:     7   Next: 67%
Magic:  16/16      EV: 11    Int:  9    God:    Yredelemnul [......]
Gold:   119        SH:  0    Dex: 14    Spells: 6/6 levels left

rFire   x . .      SeeInvis .   a - +0 falchion {long}
rCold   + . .      Faith    .   (no shield)
rNeg    + + +      Spirit   .   b - +1 leather armour
rPois   ∞          Reflect  .   (no helmet)
rElec   .          Harm     .   (no cloak)
rCorr   .          Rampage  .   (no gloves)
Will    .....                   (no boots)
Stlth   +++.......              (no amulet)
HPRegen 0.19/turn               j - ring of magical power
MPRegen 0.15/turn               k - +6 ring of strength

@: no status effects
A: cold resistance 1, negative energy resistance 3, torment resistance 2, heat
vulnerability 1, no potions
a: Renounce Religion, Recall Undead Harvest


You were on level 5 of the Dungeon.
You worshipped Yredelemnul.
Yredelemnul was noncommittal.
You visited 1 branch of the dungeon, and saw 4 of its levels.

You collected 119 gold pieces.


Innate Abilities, Weirdness & Mutations

You are immune to poison.
Your flesh is cold resistant. (rC+)
You are immune to negative energy. (rN+++)
You are immune to unholy pain and torment.
You are vulnerable to heat. (rF-)
You do not drink.


   Skills:
 + Level 6.3 Fighting
 - Level 1.5 Long Blades
 - Level 1.5 Dodging
 - Level 7.4 Stealth


You had 6 spell levels left.
You didn't know any spells.
Your spell library contained the following spells:

 Spells                   Type           Power      Damage    Failure   Level
 Ensorcelled Hibernation  Hex/Ice        0%         N/A       56%         2
 Spider Form              Tmut/Pois      Unusable   N/A       N/A         3

Inventory:

Hand Weapons
 a - a +0 falchion (weapon) {long}
Missiles
 e - a curare-tipped dart {=fthrowing}
 g - 74 stones (quivered) {throwing}
 i - 51 arrows
 n - 18 sling bullets
 o - 10 bolts
Armour
 b - a +1 leather armour (worn)
Jewellery
 h - a ring of willpower
   (You found it on level 4 of the Dungeon)
 j - a ring of magical power (left hand)
   (You found it on level 3 of the Dungeon)
 k - a +6 ring of strength (right hand)
   (You found it on level 3 of the Dungeon)
 m - a ring of wizardry
   (You found it on level 4 of the Dungeon)
Wands
 f - a wand of digging (3)
Scrolls
 c - a scroll of fog
 d - 2 scrolls of magic mapping {!r}
 p - a scroll of identify {@r1}
Miscellaneous
 l - a tin of tremorstones (inert) {throwing}
   (You found it on level 5 of the Dungeon)

Dungeon Overview and Level Annotations

Branches:
Dungeon (5/15)             Temple (0/1) D:5

Altars:
Elyvilon
Fedhas
Qazlal
Ru
Uskayaw
Xom
Yredelemnul

Shops:
D:5 (

Annotations:
D:2 Sigmund

. .....# ##. ..... ##.##
Z.....$.#### ....
....5.....#.# .... #.....
.....##
...#####.....##.....#
##...##......#...Z..#
.#..............@#
.................###...###
...O.#.....#........#....#
#....#.....#...#....#....#
#.#####........#..#.#.....
..............###........
..............###..#..#
...............#......###
.............#..........#


You could see a wyvern zombie.


Message History

You are too injured to fight recklessly!
You are too injured to fight recklessly!
You are too injured to fight recklessly!
You are too injured to fight recklessly!
You are too injured to fight recklessly!
A water moccasin skeleton is nearby!
You hit the water moccasin skeleton.
The water moccasin skeleton barely misses you.
You hit the water moccasin skeleton.
The water moccasin skeleton barely misses you.
The water moccasin skeleton closely misses you.
You slash the water moccasin skeleton!
The water moccasin skeleton bites you but does no damage.
You completely miss the water moccasin skeleton.
The water moccasin skeleton barely misses you.
The water moccasin skeleton bites you. 😮 HP[-6]
You take 6 damage, and now have 35/58 hp.
You hit the water moccasin skeleton.
You destroy the water moccasin skeleton! 😮 HP[+1]
You start resting. 😎 HP[+22]
Your hp is fully restored (58).
A wyvern zombie comes into view.
A wyvern zombie is nearby!
A howler monkey zombie comes into view.
The wyvern zombie barely misses you. x2
You slash the wyvern zombie! The wyvern zombie closely misses you.
You slash the wyvern zombie! The wyvern zombie bites you.
The wyvern zombie barely misses you. 😕 HP[-5]
You take 5 damage, and now have 53/58 hp.
You hit the wyvern zombie.
The wyvern zombie bites you but does no damage.
The wyvern zombie bites you! 😮 HP[-11]
You take 11 damage, and now have 42/58 hp.
You are too injured to fight recklessly!
You are too injured to fight recklessly!
You are too injured to fight recklessly!
You are too injured to fight recklessly!
You are too injured to fight recklessly!
You are too injured to fight recklessly!
You are too injured to fight recklessly!
You are too injured to fight recklessly!
You are too injured to fight recklessly!
You are too injured to fight recklessly!
You are too injured to fight recklessly!
You are too injured to fight recklessly!
You are too injured to fight recklessly!
You are too injured to fight recklessly!
You are too injured to fight recklessly!
You are too injured to fight recklessly!
You are too injured to fight recklessly!
You are too injured to fight recklessly!
You are too injured to fight recklessly!
You are too injured to fight recklessly!
Unknown command.
You barely miss the wyvern zombie. The wyvern zombie bites you. 😮 HP[-2]
You take 2 damage, and now have 40/58 hp.
You hit the wyvern zombie. The wyvern zombie barely misses you.
The wyvern zombie bites you. 😮 HP[-2]
You take 2 damage, and now have 38/58 hp.
You hit the wyvern zombie. The wyvern zombie closely misses you.
You hit the wyvern zombie.
The wyvern zombie barely misses you. x2 😮 HP[+1]
You barely miss the wyvern zombie. The wyvern zombie barely misses you.
The wyvern zombie closely misses you.
You barely miss the wyvern zombie. The wyvern zombie misses you.
You hit the wyvern zombie but do no damage.
The wyvern zombie bites you!
* * * LOW HITPOINT WARNING * * *
The wyvern zombie bites you!
* * * LOW HITPOINT WARNING * * *
😨 HP[-19]
You take 19 damage, and now have 20/58 hp.
MASSIVE DAMAGE!! (PAUSE) Unknown command.
You hit the wyvern zombie. The wyvern zombie bites you!
* * * LOW HITPOINT WARNING * * *
The wyvern zombie barely misses you. 😱 HP[-9]
You take 9 damage, and now have 11/58 hp.
Unknown command.
Unknown command.
Unknown command.
You can't drink.
Unknown command.
Okay, then.
Okay, then.
You slash the wyvern zombie!
The wyvern zombie bites you but does no damage. 😱 HP[+1]
You hit the wyvern zombie but do no damage.
The wyvern zombie barely misses you. The wyvern zombie bites you!
You die...
Yredelemnul claims you as an undead slave.

Skill      XL: |  1  2  3  4  5  6  7 |
---------------+----------------------+-----
Stealth        | 5 6 7 |  7.4
Fighting       | 4 6 |  6.3
Long Blades    | |  1.5
Dodging        | |  1.5

Action                   |  1- 3 |  4- 6 |  7- 9 || total
-------------------------+-------+-------+-------++-------
Melee: Falchion          |    74 |   112 |    91 ||   277
Throw: Stone             |       |     1 |     5 ||     6
Evoke: Wand              |     2 |     3 |       ||     5
       Tin of tremorston |       |     2 |       ||     2
  Use: Scroll            |     3 |     3 |       ||     6
 Stab: Sleeping          |     4 |       |       ||     4
       Distracted        |     1 |       |       ||     1
Armor: Leather armour    |    21 |    36 |    19 ||    76
Dodge: Dodged            |    52 |   118 |    71 ||   241

Levels and vault maps discovered:
D:2:      minmay_angry_zag, layout_rooms, basic_altar, uniq_natasha,
          uniq_jessica, uniq_sigmund
D:3:      layout_loops_ring, amethyst_overflow_temple_binary,
          mainiacjoe_overflow_24_doors, mainiacjoe_overflow_surrounded_room,
          grunt_qazlal_clouds, solitary_fountain
D:4:      layout_cave_pools, kennysheep_ying_yang, st_stairs_1
D:5:      due_chaos_kobolds, layout_cave_pools, minmay_temple_entry_hall,
          serial_shops, nicolae_shop_behind_doors, eino_tiny_chamber

Notes
Turn   | Place    | Note
-------+----------+-------------------------------------------
     0 | D:5      | spaghetti the Mummy Delver began the quest for the Orb.
     0 | D:5      | Reached XP level 1. HP: 18/18 MP: 1/1
     0 | D:5      | magus.rc [v1.9.6]
    28 | D:5      | Reached XP level 2. HP: 19/24 MP: 2/2
    91 | D:5      | Noticed an ogre
   110 | D:4      | Noticed a kobold brigand
   123 | D:3      | Found a stormy altar of Qazlal.
   476 | D:3      | Found a sacrificial altar of Ru.
   487 | D:3      | Found a shimmering altar of Xom.
   530 | D:3      | Found a blossoming altar of Fedhas.
   575 | D:3      | Reached skill level 5 in Stealth
   575 | D:3      | Reached XP level 3. HP: 23/29 MP: 3/3
  1037 | D:3      | Found a hide-covered altar of Uskayaw.
  1195 | D:2      | Noticed Sigmund
  1262 | D:4      | Killed a kobold brigand
  1263 | D:4      | Reached skill level 6 in Stealth
  1263 | D:4      | Reached XP level 4. HP: 23/35 MP: 4/4
  1264 | D:4      | Noticed a necrophage
  1287 | D:3      | Killed a necrophage
  1288 | D:3      | Reached XP level 5. HP: 21/41 MP: 5/5
  1450 | D:4      | HP: 8/41 [acid (11)]
  1473 | D:4      | HP: 5/41 [hound (2)]
  1782 | D:4      | HP: 6/41 [acid (8)]
  1784 | D:4      | Reached skill level 7 in Stealth
  1784 | D:4      | Reached XP level 6. HP: 8/47 MP: 6/6
  2180 | D:4      | You pick up a book of Dreams and begin reading...
  2395 | D:5      | HP: 8/47 [water moccasin zombie (5)]
  2396 | D:5      | HP: 3/47 [water moccasin zombie (5)]
  2929 | D:5      | Noticed an ice beast
  2948 | D:5      | Killed an ice beast
  2949 | D:5      | Reached skill level 4 in Fighting
  3565 | D:4      | Reached XP level 7. HP: 40/55 MP: 7/7
  3762 | D:3      | HP: 10/55 [gnoll shaman (9)]
  3865 | D:4      | Reached skill level 5 in Fighting
  4334 | D:4      | Found a basalt altar of Yredelemnul.
  4843 | D:4      | Became a worshipper of Yredelemnul the Dark
  4883 | D:5      | Reached skill level 6 in Fighting
  4955 | D:5      | Found a staircase to the Ecumenical Temple.
  5092 | D:5      | Found Zinecueq's Weapon Emporium.
  5274 | D:5      | HP: 11/58 [wyvern zombie (9)]
  5276 | D:5      | Slain by a wyvern zombie

Vanquished Creatures
  An ice beast (D:5)
  An ogre (D:5)
  A necrophage (D:3)
  A centaur (D:4)
  A kobold brigand (D:4)
  A scorpion (D:4)
  A water moccasin skeleton (D:5)
  A water moccasin zombie (D:5)
  A jelly (D:4)
  A bullfrog skeleton (D:4)
  2 hounds (D:4)
  A hound zombie (D:5)
  5 adders
  5 gnolls (D:4)
  2 ufetubi (D:5)
  A dart slug (D:4)
  An orc (D:5)
  An endoplasm (D:3)
  3 giant cockroaches
  4 goblins
  3 hobgoblins
  2 jackals (D:3)
  A kobold (D:3)
  2 quokkas
  A ball python (D:3)
  2 bats (D:3)
  A frilled lizard (D:3)
47 creatures vanquished.

Table legend:
 A = Non-vault XP
 B = Vault XP
 C = Vault XP percentage of total XP
 D = Non-vault monster count
 E = Vault monster count
 F = Vault count percentage of total count
                 A         B        C        D         E       F
            +---------+---------+-------+---------+---------+-------
      Total |    1139 |      60 |   5.0 |      43 |       4 |   8.5
            +---------+---------+-------+---------+---------+-------
        D:3 |     172 |       0 |   0.0 |      17 |       0 |   0.0
        D:4 |     510 |      60 |  10.5 |      17 |       4 |  19.0
        D:5 |     457 |       0 |   0.0 |       9 |       0 |   0.0
            +---------+---------+-------+---------+---------+-------

Illustrated notes

Table legend:
 A = Kills in this place as a percentage of kills in entire the game.
 B = Kills by you in this place as a percentage of kills by you in the entire game.
 C = Kills by friends in this place as a percentage of kills by friends in the entire game.
 D = Other kills in this place as a percentage of other kills in the entire game.
 E = Experience gained in this place as a percentage of experience gained in the entire game.
 F = Experience gained in this place divided by the number of levels of this place that you have seen.
                   A       B       C       D       E      F
               +-------+-------+-------+-------+-------+----------------------
         Total | 100.0 | 100.0 |   N/A |   N/A | 100.0 | 299.8
       Dungeon | 100.0 | 100.0 |   N/A |   N/A | 100.0 | 299.8
               +-------+-------+-------+-------+-------+----------------------

Table legend: (Time is in decaauts)
 A = Elapsed time spent in this place.
 B = Non-inter-level travel time spent in this place.
 C = Inter-level travel time spent in this place.
 D = Time resting spent in this place.
 E = Time spent auto-exploring this place.
 F = Levels seen in this place.
 G = Mean time per level.
                   A        B        C        D        E       F      G
               +--------+--------+--------+--------+--------+-----+--------+
         Total |   5348 |   5196 |    152 |   2322 |   2081 |   4 | 1337.0 |
       Dungeon |   5348 |   5196 |    152 |   2322 |   2081 |   4 | 1337.0 |
               +--------+--------+--------+--------+--------+-----+--------+

Top non-repeatable levels by time:
     D:4: 2119 daAuts
     D:3: 1817 daAuts
     D:5: 1402 daAuts
     D:2: 8 daAuts
